AoeStats
← dailing510

Arena

510270354Analyzed
4v4 RM · 2d ago on Sep 30, 2026· 45m 38s· 8 players
Game mode
Random Map
Map size
Large (8 player)
Population
200
Speed
Normal
Resources
Standard
Victory
Conquest
Starting age
Dark Age
Ending age
Imperial Age
RankedLock teamsTeams togetherTeam positionsShared explorationLock speedFull tech treeHidden civsTurbo modeCheats
Victory
Defeat
🇲🇽 Byzantines · Mexico
1101
+13
🇲🇽 Bohemians · Mexico
1100
+13
🇺🇸 Britons · United States
1050
+15
🇵🇱 Poles · Poland
971
+18
🇬🇧 Hindustanis · United Kingdom
1090
-17
🇨🇳 Bulgarians · China
1040
-15
🇹🇼 Danes · Taiwan
1001
-14
🇹🇼 Byzantines · Taiwan
996
-13
shabolobodingdong
10:15 Feudal Age
12:40 Loom
15:14 Castle Age
15:09 Stone Mining
15:15 Double-Bit Axe
15:33 Horse Collar
20:35 Gold Mining
22:32 Fletching
24:11 Bow Saw
25:53 Ballistics
25:43 Bodkin Arrow
32:57 Imperial Age
30:31 Padded Archer Armor
32:07 Leather Archer Armor
32:24 Yeomen
33:29 Gold Shaft Mining
34:52 Chemistry
34:03 Bracer
34:43 Heavy Plow
35:45 Elite Longbowman
38:02 Ring Archer Armor
39:07 Conscription
40:01 Wheelbarrow
40:33 Warwolf
44:41 Spies/Treason
LG_Mr.Konnik
7:27 Loom
9:57 Feudal Age
17:02 Castle Age
15:15 Double-Bit Axe
22:08 Fletching
25:36 Forging
30:48 Scale Barding Armor
35:18 Imperial Age
33:40 Chain Barding Armor
34:04 Sanctity
36:29 Iron Casting
38:50 Horse Collar
43:28 Plate Barding Armor
43:49 Wheelbarrow
44:39 Bow Saw
45:25 Heavy Plow
LG_Parzival
9:53 Loom
13:40 Feudal Age
15:05 Double-Bit Axe
17:24 Castle Age
15:11 Horse Collar
17:05 Wheelbarrow
18:21 Bow Saw
19:01 Fervor
28:57 Hand Cart
31:15 Imperial Age
30:46 Chemistry
29:56 Heavy Plow
30:30 Forging
30:20 Scale Mail Armor
31:47 Iron Casting
31:27 Chain Mail Armor
31:46 Pikeman
33:06 Plate Mail Armor
33:37 Blast Furnace
33:55 Two-Man Saw
32:25 Man-at-Arms
33:06 Squires
33:49 Padded Archer Armor
33:25 Long Swordsman
34:42 Conscription
34:06 Two-Handed Swordsman
34:38 Town Watch
35:54 Champion
37:09 Halberdier
37:58 Town Patrol
40:27 Siege Engineers
42:35 Houfnice
43:30 Fortified Wall
43:31 Masonry
44:05 Elite Hussite Wagon
44:51 Wagenburg Tactics
giancarlo7
10:39 Feudal Age
11:55 Wheelbarrow
11:04 Horse Collar
11:12 Double-Bit Axe
18:37 Castle Age
16:42 Stone Mining
17:57 Scale Barding Armor
17:53 Scale Mail Armor
17:56 Gold Mining
18:36 Forging
19:37 Bow Saw
23:17 Hand Cart
27:37 Chain Barding Armor
27:35 Chain Mail Armor
30:46 Imperial Age
28:49 Szlachta Privileges
29:02 Husbandry
31:48 Iron Casting
30:52 Capped Ram
31:56 Conscription
32:16 Cavalier
34:44 Blast Furnace
34:53 Plate Mail Armor
34:37 Siege Ram
37:33 Elite Obuch
42:49 Town Watch
42:50 Loom
45:28 Spies/Treason
DangerWashington
0:38 Loom
13:36 Feudal Age
19:00 Castle Age
19:38 Elite Skirmisher
21:03 Fletching
22:29 Double-Bit Axe
24:57 Wheelbarrow
25:06 Crossbowman
26:26 Horse Collar
31:14 Imperial Age
30:35 Bodkin Arrow
30:41 Padded Archer Armor
32:15 Conscription
34:52 Leather Archer Armor
37:22 Chemistry
36:07 Treadmill Crane
38:32 Ballistics
dailing510
10:09 Feudal Age
11:45 Double-Bit Axe
14:57 Castle Age
17:33 Bow Saw
22:05 Stone Mining
24:08 Squires
25:07 Wheelbarrow
24:19 Loom
24:04 Pikeman
25:13 Arson
25:14 Gambesons
26:12 Forging
26:24 Hand Cart
33:38 Gold Mining
35:24 Hamask
小怪兽
0:30 Loom
12:25 Feudal Age
16:43 Castle Age
15:29 Scale Mail Armor
16:23 Forging
17:59 Squires
18:20 Double-Bit Axe
19:01 Horse Collar
20:10 Gambesons
23:17 Pikeman
23:44 Arson
30:13 Wheelbarrow
Lamlam
11:47 Feudal Age
13:11 Double-Bit Axe
15:29 Castle Age
13:23 Double-Bit Axe
13:33 Horse Collar
16:54 Bow Saw
17:21 Wheelbarrow
16:49 Heavy Plow
22:36 Hand Cart
22:53 Gold Mining
24:34 Loom
26:37 Gold Shaft Mining
25:53 Stone Mining
30:16 Imperial Age
27:54 Town Watch
28:16 Padded Archer Armor
28:29 Forging
28:34 Masonry
29:19 Murder Holes
29:43 Leather Archer Armor
30:04 Iron Casting
30:10 Stone Shaft Mining
30:09 Bloodlines
30:00 Husbandry
30:27 Town Patrol
30:37 Scale Barding Armor
30:26 Elite Skirmisher
31:15 Fletching
31:56 Ring Archer Armor
30:56 Light Cavalry
31:45 Bodkin Arrow
31:48 Hussar
33:27 Chain Barding Armor
33:08 Bracer
35:03 Chemistry
34:25 Ballistics
35:07 Blast Furnace
34:42 Plate Barding Armor
33:55 Onager
36:23 Two-Man Saw
35:45 Scale Mail Armor
41:21 Shatagni
41:41 Conscription
Connection lost

Rejoining the realm…

Still unreachable

The connection could not be restored.

Session expired

The server has moved on; the page needs a fresh start.